AoeStats
← JamesNewstedd

Arena

510183490Analyzed
3v3 RM · 2d ago on Sep 29, 2026· 59m 28s· 6 players
Game mode
Random Map
Map size
Normal (6 player)
Population
200
Speed
Normal
Resources
Standard
Victory
Conquest
Starting age
Dark Age
Ending age
Imperial Age
RankedLock teamsTeams togetherTeam positionsShared explorationLock speedFull tech treeHidden civsTurbo modeCheats
Victory
Defeat
🇩🇪 Shu · Germany
1629
+22
🇩🇪 Poles · Germany
1509
+26
🇩🇪 Bulgarians · Germany
1436
+28
🇫🇷 Huns · France
1803
-27
🇫🇷 Persians · France
1795
-26
🇫🇷 Italians · France
1687
-23
elloulito
10:40 Feudal Age
11:36 Double-Bit Axe
14:36 Castle Age
12:17 Horse Collar
15:27 Heavy Plow
15:51 Bow Saw
17:27 Loom
21:00 Wheelbarrow
22:48 Hand Cart
23:42 Scale Barding Armor
23:44 Town Watch
28:55 Imperial Age
26:17 Loom
26:35 Fletching
26:47 Padded Archer Armor
28:15 Bodkin Arrow
29:48 Bracer
30:03 Leather Archer Armor
30:56 Chemistry
30:24 Parthian Tactics
29:28 Heavy Cavalry Archer
30:32 Husbandry
30:42 Bloodlines
31:52 Two-Man Saw
32:32 Thumb Ring
32:07 Pikeman
32:47 Squires
32:33 Arson
33:25 Scale Mail Armor
33:35 Forging
34:18 Halberdier
35:14 Chain Mail Armor
35:35 Iron Casting
35:48 Conscription
35:51 Atheism
35:39 Light Cavalry
37:11 Chain Barding Armor
38:53 Hussar
41:31 Blast Furnace
41:06 Plate Barding Armor
48:59 Masonry
49:10 Ballistics
51:06 Cavalier
52:10 Paladin
Roronoa Yolo
10:11 Feudal Age
14:28 Castle Age
13:16 Double-Bit Axe
13:17 Horse Collar
14:30 Gold Mining
15:59 Fletching
16:38 Bodkin Arrow
24:05 Loom
26:29 Wheelbarrow
26:33 Bow Saw
26:24 Heavy Plow
28:03 Stone Mining
28:31 Hand Cart
32:05 Imperial Age
31:31 Padded Archer Armor
33:30 Bracer
34:17 Stone Shaft Mining
34:48 Chemistry
34:08 Ballistics
34:38 Leather Archer Armor
35:01 Conscription
34:56 Pirotechnia
38:52 Elite Genoese Crossbowman
40:07 Hoardings
42:55 Murder Holes
43:11 Masonry
42:42 Treadmill Crane
43:58 Ring Archer Armor
43:51 Caravan
48:04 Thumb Ring
Kimbo
8:40 Feudal Age
9:21 Double-Bit Axe
12:20 Fletching
19:24 Castle Age
17:37 Horse Collar
20:43 Heavy Plow
20:53 Bow Saw
23:11 Wheelbarrow
23:53 Gold Mining
23:56 Stone Mining
25:22 Stone Shaft Mining
28:16 Gold Shaft Mining
28:00 Hand Cart
31:00 Imperial Age
28:40 Scale Barding Armor
29:20 Bloodlines
29:11 Husbandry
29:12 Loom
29:12 Town Watch
31:19 Chain Barding Armor
30:57 Cavalier
33:20 Plate Barding Armor
33:45 Forging
33:39 Savar
34:31 Forging
35:15 Bodkin Arrow
35:21 Padded Archer Armor
35:57 Conscription
34:59 Elite Skirmisher
35:48 Pikeman
36:28 Squires
36:29 Scale Mail Armor
37:04 Iron Casting
36:36 Halberdier
37:34 Chain Mail Armor
40:30 Plate Mail Armor
40:37 Arson
44:53 Two-Man Saw
46:27 Two-Man Saw
47:24 Blast Furnace
49:42 Chemistry
51:14 Coinage
JamesNewstedd
11:24 Feudal Age
15:21 Castle Age
13:09 Double-Bit Axe
13:57 Horse Collar
16:13 Heavy Plow
16:25 Bow Saw
23:58 Wheelbarrow
24:10 Gold Mining
25:10 Stone Mining
25:51 Hand Cart
29:26 Imperial Age
28:04 Caravan
27:28 Light Cavalry
28:18 Bloodlines
28:09 Husbandry
28:15 Scale Barding Armor
27:54 Treadmill Crane
28:25 Masonry
28:25 Fortified Wall
30:11 Stone Shaft Mining
30:18 Chain Barding Armor
29:35 Winged Hussar
30:26 Forging
30:55 Lechitic Legacy
31:44 Iron Casting
32:43 Conscription
33:00 Hoardings
33:27 Blast Furnace
33:01 Crop Rotation
33:07 Town Watch
36:09 Coinage
35:07 Cavalier
35:54 Szlachta Privileges
35:22 Sappers
35:54 Scale Mail Armor
35:44 Fletching
38:54 Bodkin Arrow
39:14 Chain Mail Armor
39:00 Padded Archer Armor
39:07 Siege Engineers
40:03 Chemistry
39:23 Ballistics
38:49 Arrowslits
38:54 Guard Tower
39:04 Murder Holes
42:07 Banking
42:31 Bracer
43:02 Plate Mail Armor
42:47 Leather Archer Armor
45:20 Elite Obuch
51:55 Town Patrol
53:08 Squires
52:54 Arson
105er.DarkSheep
10:54 Feudal Age
14:43 Castle Age
12:42 Double-Bit Axe
13:14 Horse Collar
15:39 Bow Saw
16:16 Loom
18:33 Scale Mail Armor
18:48 Pikeman
24:51 Wheelbarrow
25:18 Chain Mail Armor
25:13 Forging
29:29 Heavy Plow
29:58 Squires
30:34 Iron Casting
29:56 Town Watch
31:15 Gold Mining
31:16 Stone Mining
33:41 Hand Cart
37:00 Imperial Age
35:47 Scale Barding Armor
35:41 Stirrups
37:07 Chain Barding Armor
36:59 Bloodlines
36:49 Husbandry
37:12 Elite Konnik
37:55 Onager
39:13 Cavalier
40:57 Elite Konnik
43:22 Blast Furnace
43:01 Capped Ram
45:00 Plate Barding Armor
44:24 Siege Ram
47:43 Masonry
47:50 Fletching
48:02 Caravan
49:04 Architecture
48:27 Light Cavalry
49:57 Hussar
52:03 Crop Rotation
53:28 Conscription
56:30 Coinage
56:33 Bodkin Arrow
57:00 Ballistics
57:40 Chemistry
56:46 Siege Engineers
57:04 Ballistics
57:45 Chemistry
56:51 Siege Engineers
Scol1ng
10:50 Feudal Age
9:27 Loom
11:13 Feudal Age
18:30 Castle Age
18:49 Double-Bit Axe
18:44 Horse Collar
24:21 Wheelbarrow
24:52 Bow Saw
32:00 Imperial Age
29:47 Scale Mail Armor
30:44 Chain Mail Armor
30:22 Pikeman
31:02 Squires
31:22 Gold Mining
31:57 Hand Cart
31:50 Town Watch
32:34 Halberdier
33:48 Fortified Wall
33:48 Masonry
34:32 Plate Mail Armor
35:24 Coiled Serpent Array
36:46 Forging
38:49 Two-Man Saw
38:20 Coiled Serpent Array
38:41 Conscription
41:12 Siege Engineers
42:12 Chemistry
42:32 Ballistics
43:23 Crossbowman
44:09 Thumb Ring
44:07 Stone Mining
45:21 Bolt Magazine
48:48 Arson
49:35 Capped Ram
52:12 Architecture
58:35 Treadmill Crane
Connection lost

Rejoining the realm…

Still unreachable

The connection could not be restored.

Session expired

The server has moved on; the page needs a fresh start.